Map: [TLMC15] Hardwire

Players

Bunny

  • Race: Terran Terran

Serral - Winner!

  • Race: Zerg Zerg

Event: StayAtHome Story Cup #4

VOD

Have the link to the VOD?

Description

Time

  • Played on: Oct. 22, 2021, 10:41 a.m.
  • Length: 17:28

All games in this series

Show
View Real Time Build Order
Export as new Build Order

Bunny Terran 

Build Orders: Reaper Expand 

Get SALT Encoding   

  12  0:00  SCV  
  13  0:12  SCV  
  14  0:17  Supply Depot  
  14  0:24  SCV  
  15  0:38  SCV  
  15  0:40  Barracks  
  16  0:43  Refinery  
  16  0:50  SCV  
  17  1:02  SCV  
  18  1:15  SCV  
  19  1:27  Orbital Command  
  19  1:28  Reaper  
  20  1:38  Command Center  
  20  1:50  Supply Depot  
  20  1:52  SCV  
  21  1:59  Marine  
  22  2:05  SCV  
  22  2:07  Factory  
  23  2:17  SCV  
  23  2:21  Barracks Reactor  
  24  2:29  SCV  
  25  2:41  SCV  
  25  2:43  Command Center  
  26  2:55  Orbital Command  
  26  2:56  SCV  
  26  2:58  Starport  
  27  3:07  Refinery  
  27  3:08  SCV  
  27  3:12  Hellion  
  30  3:14  Hellion  
  30  3:16  Barracks Tech Lab  
  32  3:20  SCV  
  32  3:23  SCV  
  34  3:33  SCV  
  35  3:34  Viking  
  35  3:35  SCV  
  35  3:36  Hellion  
  35  3:40  Hellion  
  42  3:47  Supply Depot  
  42  3:51  SCV x2  
  42  3:54  Orbital Command  
  44  3:57  Stimpack  
  44  4:03  SCV x2  
  46  4:15  Starport Reactor  
  46  4:16  SCV  
  46  4:17  SCV, Barracks  
  48  4:20  Barracks  
  49  4:24  SCV  
  49  4:25  Factory Tech Lab  
  49  4:29  SCV x2  
  49  4:30  Engineering Bay  
  51  4:31  Supply Depot  
  51  4:33  Engineering Bay  
  51  4:41  SCV x2, Orbital Command  
  51  4:45  Siege Tank  
  56  4:53  SCV x2  
  56  4:57  Barracks x2  
  56  4:58  Refinery x2, Starport Reactor  
  58  5:02  Supply Depot  
  58  5:05  SCV, Marine x2  
  58  5:06  SCV  
  62  5:10  Terran Infantry Armor Level 1  
  62  5:12  SCV  
  63  5:18  Supply Depot, SCV x2, Marine x3  
  68  5:23  Siege Tank  
  68  5:24  Marine x2  
  68  5:26  SCV  
  74  5:30  SCV x2  
  76  5:36  Supply Depot, Medivac  
  76  5:39  SCV, Marine x2  
  76  5:40  Marine  
  76  5:42  SCV x2  
  84  5:44  Terran Infantry Weapons Level 1  
  84  5:51  SCV  
  84  5:52  Barracks Reactor  
  84  5:53  Marine x2  
  84  5:54  SCV x2  
  88  5:57  Marine x2  
  88  6:03  Siege Tank  
  92  6:05  Barracks Reactor  
  92  6:06  SCV x2  
  92  6:07  SCV  
  92  6:09  Supply Depot  
  92  6:10  Supply Depot  
  95  6:12  Refinery  
  95  6:14  Combat Shield  
  96  6:18  SCV x2  
  96  6:19  SCV  
  96  6:22  Marine x3  
  101  6:28  Supply Depot  
  101  6:29  Supply Depot x2  
  101  6:30  Marine x2, Medivac  
  101  6:32  Medivac  
  107  6:38  Command Center  
  107  6:42  Barracks  
  107  6:43  Barracks  
  107  6:46  Barracks  
  107  6:49  SCV x3  
  107  6:52  Marine x5  
  115  6:55  Marine x3  
  115  6:59  Marine  
  117  7:02  Factory  
  117  7:07  SCV x3, Armory  
  120  7:14  Supply Depot  
  116  7:15  Siege Tank  
  116  7:17  Marine  
  116  7:18  Marine x4  
  121  7:23  Supply Depot  
  121  7:24  Supply Depot  
  120  7:31  Marine x2  
  122  7:41  Marine x5  
  122  7:42  Marauder, Marine  
  126  7:49  Marine x2  
  126  7:50  Factory Reactor  
  122  7:51  SCV x2  
  122  7:52  SCV  
  125  7:59  Marine x6  
  125  8:02  Marine  
  125  8:03  Barracks Tech Lab x3  
  125  8:04  Concussive Shells  
  125  8:05  Terran Infantry Weapons Level 2  
  132  8:06  Marine x2  
  132  8:12  Supply Depot x2  
  132  8:14  Supply Depot  
  132  8:16  Widow Mine  
  132  8:17  Terran Infantry Armor Level 2, Marine  
  132  8:18  Drilling Claws  
  135  8:22  SCV x2  
  135  8:23  SCV  
  138  8:33  Medivac x2  
  143  8:34  SCV x2  
  143  8:35  SCV  
  136  8:45  Planetary Fortress  
  136  8:47  Marauder, Marine x11  
  130  8:53  SCV x3  
  133  9:03  Medivac x2  
  133  9:05  Widow Mine  
  133  9:06  Widow Mine x2, Marauder  
  133  9:07  Sensor Tower  
  145  9:11  Marauder x2  
  145  9:12  Marauder  
  145  9:13  Marine x8  
  159  9:24  Sensor Tower  
  159  9:27  Marauder, Command Center  
  159  9:31  Marine  
  162  9:33  Marauder x2, Medivac x2, Marine x3  
  162  9:34  Marine x4  
  179  9:46  Marauder  
  179  9:49  Marauder  
  179  9:50  Barracks, Refinery  
  179  9:51  Barracks  
  179  9:52  Barracks  
  181  9:54  Marauder x2  
  185  10:06  Widow Mine x3  
  176  10:09  Marauder  
  176  10:10  Marauder  
  176  10:12  Marine x7  
  187  10:15  Marauder, Medivac x2  
  187  10:16  Marauder  
  195  10:28  Widow Mine x2  
  199  10:29  Terran Infantry Weapons Level 3  
  198  10:37  Marine x3  
  189  10:44  Widow Mine  
  189  10:49  Widow Mine x2, Medivac x2  
  199  10:52  Terran Infantry Armor Level 3  
  199  10:59  Planetary Fortress  
  199  11:02  Refinery  
  195  11:16  Barracks Reactor, Barracks Tech Lab x2  
  154  11:26  Marine x4, Marauder x4  
  154  11:27  Marine x4  
  154  11:28  Marine  
  145  11:36  Liberator x2  
  145  11:37  Widow Mine x2  
  145  11:38  Widow Mine  
  153  11:41  Marauder  
  153  11:44  Marine x4  
  153  11:46  Marine x2  
  161  11:48  Marauder x3, Command Center  
  161  11:51  Ghost Academy  
  167  11:55  Marine x4  
  171  12:02  Marine x4  
  173  12:14  Barracks Tech Lab, Marauder x4  
  177  12:16  Marine x5  
  177  12:19  Marine, Liberator x2  
  177  12:20  Marine, Marauder  
  193  12:27  Widow Mine x3  
  196  12:34  Ghost x2  
  196  12:35  Refinery  
  198  12:45  Marine  
  197  12:53  Terran Ship Weapons Level 1  
  185  13:02  Ghost x2  
  185  13:03  Ghost x3, Marine  
  185  13:04  Marine x7  
  170  13:21  Marine  
  170  13:22  Marine x3  
  166  13:28  Marine  
  166  13:29  Marine x3  
  166  13:31  Ghost x3  
  166  13:32  Marine x2  
  173  13:39  Marine x3  
  172  13:42  Widow Mine  
  174  13:49  Ghost x2  
  174  13:54  SCV x3  
  179  13:56  SCV  
  179  13:59  Ghost  
  182  14:06  SCV  
  182  14:07  SCV x2  
  182  14:08  Neosteel Armor  
  185  14:15  Marine x3  
  185  14:16  Marine x6  
  191  14:22  Marine x3  
  194  14:28  Marine  
  195  14:33  Marine x7  
  195  14:43  Personal Cloaking  
  195  14:45  Ghost x3  
  195  14:46  Ghost  
  184  15:21  Command Center  
  184  15:22  Ghost x2  
  175  15:36  Medivac x2  
  145  15:59  Ghost x2  
  145  16:00  Ghost x2  
  145  16:01  Marine x9  
  145  16:03  Widow Mine x3  
  167  16:08  Liberator x2  
  156  16:18  Marine  
  156  16:19  Marine  
  129  16:29  Marauder x3  
  129  16:30  Marine x4  
  137  16:39  Marine x4  
  138  16:40  Marine  
  140  16:49  Marine x5  
  127  17:05  Marine  
  127  17:06  Marine x7  
Show
View Real Time Build Order
Export as new Build Order

Serral Zerg - Winner!

Build Orders: Hatch First, Lurkers 

Get SALT Encoding   

  12  0:00  Drone  
  13  0:12  Overlord  
  13  0:17  Drone  
  14  0:31  Drone x2  
  16  0:48  Hatchery  
  15  0:51  Drone  
  15  0:55  Drone  
  17  0:58  Drone  
  18  1:09  Extractor  
  17  1:13  Spawning Pool  
  17  1:17  Drone  
  17  1:20  Drone  
  18  1:28  Drone  
  19  1:39  Drone  
  20  1:49  Drone  
  21  2:00  Queen x2  
  26  2:01  Zergling x4  
  27  2:11  Overlord  
  27  2:13  Drone  
  28  2:22  Hatchery  
  28  2:26  Drone  
  28  2:30  Drone  
  28  2:33  Drone  
  28  2:36  Drone  
  31  2:38  Metabolic Boost  
  31  2:46  Queen  
  33  2:51  Overlord  
  33  2:55  Drone  
  33  2:56  Drone  
  35  2:59  Drone  
  35  3:03  Pneumatized Carapace  
  36  3:13  Drone x4  
  36  3:16  Overlord  
  40  3:20  Drone  
  40  3:22  Drone  
  40  3:26  Queen  
  44  3:34  Queen  
  44  3:35  Drone  
  44  3:38  Overlord  
  47  3:42  Drone  
  47  3:44  Zergling x4  
  47  3:46  Drone x2  
  52  3:49  Zergling x2  
  52  3:50  Drone  
  52  3:51  Drone  
  52  3:53  Drone  
  52  3:55  Drone x2  
  58  4:00  Drone x3  
  61  4:05  Queen  
  61  4:08  Overlord  
  63  4:13  Queen  
  63  4:16  Zergling x2  
  66  4:19  Overlord  
  66  4:20  Overlord  
  66  4:24  Overlord  
  66  4:29  Drone x3, Spore Crawler  
  66  4:30  Spore Crawler, Drone  
  68  4:36  Zergling x4  
  70  4:40  Drone x2, Extractor  
  70  4:41  Drone  
  70  4:42  Evolution Chamber  
  70  4:43  Drone  
  70  4:44  Evolution Chamber  
  71  4:47  Drone x3  
  71  4:49  Zergling x2  
  75  4:53  Drone x2  
  77  5:01  Drone x3  
  77  5:02  Drone x2  
  82  5:10  Zerg Melee Weapons Level 1  
  82  5:11  Zerg Ground Armor Level 1  
  82  5:12  Drone  
  83  5:14  Drone x2  
  83  5:19  Lair  
  83  5:20  Hatchery  
  84  5:21  Extractor  
  84  5:24  Drone x3  
  84  5:26  Extractor  
  85  5:29  Drone x2  
  85  5:30  Drone x3, Baneling Nest  
  85  5:33  Overlord  
  89  5:36  Zergling x2  
  89  5:38  Overlord  
  89  5:39  Overlord  
  89  5:40  Overlord  
  89  5:50  Overlord  
  89  5:52  Zergling x8  
  89  5:54  Hatchery, Zergling x4  
  92  6:02  Zergling x14  
  99  6:09  Zergling x6  
  102  6:14  Overlord  
  102  6:16  Baneling x10  
  102  6:18  Centrifugal Hooks  
  102  6:19  Zergling x4  
  104  6:26  Zergling x10  
  104  6:31  Zergling x2  
  104  6:32  Zergling x12  
  116  6:34  Overlord  
  116  6:39  Drone x2  
  118  6:46  Zergling x4  
  118  6:51  Zergling x6  
  121  6:58  Queen  
  123  7:04  Zergling x22  
  134  7:09  Zerg Melee Weapons Level 2  
  134  7:10  Zerg Ground Armor Level 2  
  134  7:11  Hatchery, Drone  
  134  7:12  Drone x3  
  134  7:14  Drone  
  135  7:19  Overseer, Drone x3  
  138  7:25  Drone x2  
  138  7:27  Overlord  
  140  7:32  Overlord  
  140  7:33  Zergling x2  
  140  7:34  Zergling x14  
  140  7:35  Burrow  
  147  7:39  Zergling x6  
  147  7:41  Zergling x2  
  147  7:42  Zergling x2  
  149  7:44  Overlord  
  149  7:49  Zergling x4  
  149  7:50  Zergling x4  
  149  7:51  Overlord  
  147  8:00  Zergling x4  
  147  8:01  Zergling x14  
  147  8:04  Baneling  
  156  8:07  Baneling x16  
  156  8:08  Zergling x6  
  159  8:13  Zergling x14  
  159  8:15  Infestation Pit  
  159  8:19  Overlord x3  
  165  8:22  Queen  
  165  8:24  Zergling x10  
  172  8:28  Zergling x2  
  172  8:29  Zergling x14  
  180  8:40  Zergling x6  
  180  8:41  Zergling x18  
  177  8:45  Drone  
  177  8:46  Drone  
  177  8:47  Extractor  
  169  8:48  Extractor  
  169  8:51  Baneling x5  
  169  8:54  Drone x7  
  175  8:55  Hive  
  175  8:58  Hydralisk Den  
  175  8:59  Extractor  
  175  9:01  Drone x3  
  176  9:03  Spore Crawler, Drone x6  
  176  9:06  Baneling x2  
  176  9:08  Baneling x9  
  176  9:09  Overlord  
  181  9:13  Zergling x4  
  181  9:14  Zergling x8  
  187  9:33  Overseer x2  
  187  9:36  Zergling x18  
  187  9:37  Zergling x10  
  200  9:41  Drone, Lurker Den  
  200  9:42  Drone, Extractor  
  200  9:46  Baneling x5  
  200  9:48  Zerg Missile Weapons Level 1  
  200  9:58  Baneling x15  
  175  10:09  Hatchery, Hydralisk  
  175  10:10  Hydralisk x5  
  175  10:12  Zergling x10  
  175  10:13  Zergling x10  
  196  10:16  Extractor  
  196  10:17  Extractor  
  194  10:23  Spore Crawler  
  194  10:24  Spore Crawler  
  192  10:30  Zergling x14  
  193  10:42  Zergling x26  
  183  10:43  Zergling x6  
  183  10:49  Seismic Spines  
  186  10:52  Drone x3  
  186  10:53  Lurker x6  
  194  11:02  Zergling x10  
  199  11:04  Baneling x2  
  199  11:05  Baneling x5  
  199  11:09  Zergling x18  
  193  11:25  Zergling x52  
  178  11:32  Zergling x24  
  171  11:39  Viper x2  
  167  11:42  Muscular Augments  
  167  11:44  Zerg Ground Armor Level 3  
  167  11:45  Zerg Missile Weapons Level 2  
  167  11:46  Zergling x2, Adaptive Talons  
  167  11:47  Zergling x14  
  181  11:51  Baneling x6  
  181  11:55  Overseer  
  181  12:00  Drone x4  
  185  12:02  Zergling x16  
  189  12:13  Drone x2  
  189  12:14  Drone  
  190  12:16  Hydralisk x4  
  198  12:23  Overseer  
  198  12:25  Zergling x4  
  198  12:29  Adrenal Glands  
  195  12:49  Hydralisk x2  
  199  12:51  Baneling x8  
  199  12:52  Baneling x3  
  199  12:53  Grooved Spines  
  199  12:55  Hatchery  
  172  13:05  Zergling x2  
  172  13:06  Zergling x36  
  185  13:12  Overlord  
  185  13:15  Zergling x14  
  185  13:16  Zergling x14  
  183  13:27  Zergling x8  
  183  13:33  Lurker x4  
  189  13:36  Baneling  
  189  13:37  Baneling x3  
  189  13:38  Hatchery  
  189  13:40  Baneling x7  
  179  13:46  Hydralisk x2  
  183  13:54  Overlord  
  183  13:56  Nydus Network  
  183  14:00  Overseer, Hydralisk x3  
  185  14:07  Drone  
  185  14:08  Drone x3  
  185  14:11  Drone x6  
  190  14:22  Drone x2  
  190  14:23  Hydralisk  
  190  14:24  Hydralisk x3  
  191  14:30  Baneling x6  
  194  14:41  Zerg Melee Weapons Level 3, Zerg Missile Weapons Level 3  
  194  14:48  Hydralisk  
  194  14:49  Hydralisk  
  194  14:51  Baneling x2  
  194  14:52  Baneling x15  
  198  14:54  Nydus Canal  
  198  14:55  Overseer  
  198  14:56  Drone  
  198  14:57  Drone  
  194  15:00  Overlord  
  194  15:01  Spore Crawler  
  194  15:05  Drone x2  
  194  15:06  Drone x2  
  194  15:07  Drone  
  196  15:08  Hatchery  
  192  15:20  Nydus Canal  
  186  15:25  Zergling x14  
  186  15:26  Zergling x18  
  195  15:28  Zergling x10  
  196  15:40  Zergling x4  
  196  15:41  Zergling x4  
  185  15:52  Zergling x30  
  185  15:53  Zergling x8  
  185  15:56  Zergling x4  
  185  15:57  Zergling x6  
  185  16:19  Zergling x30  
  185  16:20  Zergling x8  
  185  16:21  Zergling x2  
  177  16:26  Zergling x2  
  177  16:29  Zergling x2  
  179  16:33  Baneling x13  
  179  16:34  Overseer, Baneling x11  
  179  16:35  Overseer x3  
  179  16:37  Zergling x14  
  185  16:46  Zergling x2  
  185  16:47  Zergling x20  
  196  16:48  Baneling x4  
  196  16:50  Baneling x13  
  187  17:02  Zergling x26  
Tags
 
Add a new tag
Caveats
  • Supply blocks, unpowered buildings, or Contaminate may cause inaccurate times.
  • Supply counts are checked every 10 seconds.